Map: Dusk Towers

Players

Shrimpy - Winner!

  • Race: Zerg Zerg
  • League: Platinum

LilDicky

  • Race: Zerg Zerg
  • League: Diamond

VOD

http://www.twitch.tv/tumescentpie

Description

Time

  • Played on: Dec. 25, 2015, 9:35 p.m.
  • Length: 12:28
Show
View Real Time Build Order
Export as new Build Order

Shrimpy Zerg - Winner!

Build Orders: Pool First 

Get SALT Encoding   

  12  0:02  Drone  
  13  0:15  Drone  
  13  0:17  Overlord  
  14  0:35  Spawning Pool  
  13  0:38  Drone  
  14  0:51  Drone x3, Extractor  
  16  1:06  Drone  
  17  1:15  Overlord  
  17  1:24  Queen  
  19  1:26  Drone  
  20  1:43  Zergling x2  
  21  1:48  Zergling x2  
  21  1:52  Metabolic Boost  
  22  2:06  Zergling x4  
  22  2:07  Hatchery  
  23  2:23  Drone  
  23  2:25  Baneling Nest  
  23  2:28  Zergling x2  
  24  2:41  Zergling x6  
  24  2:43  Drone  
  28  3:00  Zergling x2  
  29  3:09  Zergling x2  
  27  3:17  Drone  
  27  3:29  Drone x2  
  27  3:30  Drone x2  
  31  3:35  Baneling x2  
  31  3:42  Drone, Extractor  
  31  3:43  Drone x2  
  31  3:46  Queen  
  35  3:56  Drone  
  34  4:11  Zergling x2  
  34  4:16  Zergling x2  
  36  4:17  Overlord x3  
  33  4:40  Baneling  
  33  4:41  Baneling x2  
  33  4:42  Zergling x10  
  33  4:43  Drone  
  38  5:04  Zergling x4  
  38  5:05  Zergling x4  
  39  5:07  Zergling x2  
  39  5:13  Zergling x2  
  34  5:26  Evolution Chamber  
  33  5:35  Baneling  
  33  5:36  Baneling  
  33  5:37  Drone x5  
  33  5:40  Queen  
  40  5:46  Drone x2  
  42  5:53  Drone x2  
  44  6:03  Drone  
  45  6:05  Zerg Melee Weapons Level 1  
  45  6:08  Drone  
  46  6:11  Evolution Chamber  
  46  6:13  Extractor  
  44  6:23  Drone x3  
  44  6:24  Drone x2  
  48  6:34  Hatchery  
  47  6:42  Lair  
  47  6:44  Zerg Ground Armor Level 1  
  47  6:47  Drone x5  
  51  6:54  Zergling x8  
  51  6:55  Zergling x4  
  51  7:01  Zergling x2  
  54  7:10  Extractor  
  54  7:12  Zergling x4  
  55  7:25  Drone x5  
  60  7:33  Baneling x2  
  60  7:35  Baneling  
  60  7:36  Baneling x3  
  60  7:41  Overlord x2  
  60  7:47  Queen  
  62  7:54  Spire  
  62  7:55  Overlord  
  62  7:56  Overlord x2  
  62  7:58  Drone x4  
  65  8:05  Zergling x2  
  65  8:06  Zergling x4  
  65  8:12  Drone x2  
  70  8:13  Drone  
  70  8:33  Infestation Pit  
  69  8:39  Hydralisk Den  
  69  8:40  Zergling x4  
  69  8:41  Zergling x14  
  74  8:47  Extractor  
  76  8:48  Extractor  
  75  8:57  Zerg Melee Weapons Level 2  
  75  8:58  Zerg Ground Armor Level 2  
  75  9:03  Hatchery  
  75  9:07  Mutalisk x2  
  75  9:08  Mutalisk x5  
  73  9:40  Zergling x4  
  73  9:41  Zergling x12  
  73  9:44  Overseer  
  81  9:46  Drone x4  
  85  10:09  Hydralisk x3  
  85  10:10  Hydralisk x4  
  98  10:21  Overlord x2  
  98  10:30  Hatchery  
  98  10:33  Zergling x2  
  92  10:54  Mutalisk x5  
  92  10:55  Mutalisk x3  
  108  11:10  Overlord  
  108  11:11  Overlord x4  
  109  11:25  Zergling x4  
  109  11:26  Zergling x2  
  111  11:34  Drone  
  111  11:35  Drone x4  
  116  11:48  Queen  
  116  11:50  Drone x2  
  120  12:04  Extractor  
  120  12:07  Extractor  
Show
View Real Time Build Order
Export as new Build Order

LilDicky Zerg 

Build Orders: Hatch First 

Get SALT Encoding   

  12  0:02  Drone  
  13  0:16  Drone  
  14  0:38  Hatchery  
  13  0:43  Drone  
  13  0:45  Overlord  
  14  1:04  Spawning Pool  
  14  1:10  Drone x2  
  15  1:16  Extractor  
  14  1:24  Drone  
  14  1:25  Drone  
  16  1:36  Drone  
  17  1:51  Queen x2  
  21  2:05  Zergling x8  
  25  2:08  Drone  
  26  2:18  Metabolic Boost  
  26  2:41  Queen  
  28  2:58  Hatchery  
  27  2:59  Lair  
  25  3:12  Zergling x2  
  25  3:13  Zergling x4  
  27  3:34  Drone  
  27  3:49  Overlord  
  27  3:50  Overlord  
  22  4:13  Zergling x22  
  22  4:14  Zergling x2  
  28  4:36  Queen  
  24  5:09  Drone  
  24  5:10  Drone x4  
  27  5:20  Zergling x2  
  27  5:21  Zergling x10  
  28  5:35  Spine Crawler  
  27  5:43  Extractor  
  27  5:49  Queen  
  28  5:59  Hydralisk Den  
  27  6:11  Drone x5  
  31  6:29  Zergling x6  
  31  6:30  Zergling x4  
  36  6:35  Zergling x2  
  36  6:57  Hydralisk x2  
  36  6:58  Hydralisk x2  
  42  7:10  Drone  
  42  7:11  Drone x3  
  44  7:31  Lurker Den  
  44  7:43  Evolution Chamber  
  43  7:47  Overlord  
  43  7:48  Overlord  
  43  7:49  Drone  
  43  7:50  Drone x3  
  47  8:08  Drone  
  47  8:09  Drone  
  49  8:31  Hydralisk  
  49  8:32  Hydralisk x4  
  59  8:43  Extractor x2  
  58  9:02  Lurker  
  58  9:06  Zergling x6  
  58  9:07  Zergling x10  
  58  9:08  Overlord x2  
  46  9:35  Zergling x24  
  46  9:36  Zergling x2  
  55  9:50  Hydralisk x2  
  56  10:01  Hydralisk  
  52  10:27  Hydralisk  
  54  10:30  Spore Crawler  
  43  10:49  Hydralisk  
  42  10:50  Hydralisk x2  
  42  10:52  Drone x4  
  42  10:54  Overlord x2  
  42  10:55  Overlord  
  50  11:13  Hydralisk  
  50  11:14  Hydralisk x2  
  56  11:23  Drone x2  
  58  11:52  Overlord  
  58  11:53  Overlord  
  58  12:00  Hatchery  
  57  12:03  Zergling x2  
  60  12:24  Spore Crawler  
Tags
 
Add a new tag
Caveats
  • Supply blocks, unpowered buildings, or Contaminate may cause inaccurate times.
  • Supply counts are checked every 10 seconds.